NEW HAVEN WARTHOGS vs PETERBOROUGH SLASHERS

Created - 20 mars 2026 at 08:29

Goals
1 2 3 T
NEW HAVEN WARTHOGS 2 0 2 4
PETERBOROUGH SLASHERS 1 0 1 2
Shots
1 2 3 T
NEW HAVEN WARTHOGS 17 18 14 49
PETERBOROUGH SLASHERS 9 12 13 34

1st period

1. PETERBOROUGH SLASHERS , Noel Gunler 8 (Jean-Luc Foudy 14, Kale Clague 21) at 3:57
2. NEW HAVEN WARTHOGS , Alex Bump 2 (Oliver Kylington 9, Dans Locmelis 5) at 12:08
3. NEW HAVEN WARTHOGS , Lian Bichsel 5 (Matt Rempe 26, Tristan Broz 21) at 15:46 (PP)

Penalties :
Matt Rempe (NHW) for Holding (Minor) at 7:23, Dylan McIlrath (PET) for Goalie Interference (Minor) at 9:56, Tyson Empey (PET) for Holding (Minor) at 12:36, Dylan McIlrath (PET) for Holding Stick (Minor) at 14:42

2nd period

No Goal

Penalties :
Lian Bichsel (NHW) for High sticking (Minor) at 11:06, Billy Sweezey (PET) for Hooking (Minor) at 14:27, Mikael Pyyhtia (NHW) for Hooking (Minor) at 14:27

3rd period

4. NEW HAVEN WARTHOGS , Jack St. Ivany 3 (Lian Bichsel 10, Matt Rempe 27) at 8:54 (PP)
5. NEW HAVEN WARTHOGS , Tristan Broz 13 (Matt Rempe 28) at 12:19
6. PETERBOROUGH SLASHERS , Dryden Hunt 17 (Sandis Vilmanis 17, Billy Sweezey 6) at 16:47

Penalties :
Lian Bichsel (NHW) for Hooking (Minor) at 3:46, Hunter Skinner (PET) for Holding (Minor) at 8:22

Goalie Stats

Sebastian Cossa (NHW), 32 saves from 34 shots - (0,941), W, 4-1-1, 60:00 minutes
Devon Levi (PET), 45 saves from 49 shots - (0,918), L, 21-27-4, 60:00 minutes

Players Stats for NEW HAVEN WARTHOGS

Player Name              G  A  P  +/- PIM S  H  SB GA TA FO     MP     PP MP  PK MP  
------------------------------------------------------------------------------------
Alex Bump                1  0  1   1  0   2  1  0  0  0  1/1    14:44   0:00   1:00 
Angus Booth              0  0  0   2  0   0  3  4  0  0  0/0    14:56   0:00   0:47 
Calle Odelius            0  0  0   0  0   0  0  0  0  0  0/0     0:00   0:00   0:00 
Cam Atkinson             0  0  0  -1  0   5  2  0  0  0  3/3    19:41   2:34   2:29 
Charles-Alexis Legault   0  0  0  -1  0   0  1  0  0  0  0/0     8:27   0:00   1:40 
Dans Locmelis            0  1  1   1  0   1  1  0  0  0  9/18   14:41   0:00   0:00 
Isaiah George            0  0  0  -1  0   2  3  1  0  0  0/0    24:08   2:23   2:33 
Jack St. Ivany           1  0  1  -1  0   4  1  2  0  0  0/0    20:53   3:11   3:24 
Jordan Dumais            0  0  0   0  0   0  0  0  0  0  0/0     0:35   0:00   0:00 
Julian Lutz              0  0  0   0  0   0  0  0  0  0  0/3    20:30   3:00   0:00 
Justin Ertel             0  0  0   1  0   2  2  0  0  0  1/3    15:29   0:00   0:00 
Lian Bichsel             1  1  2  -1  4   5  7  1  0  0  0/0    18:24   3:11   0:57 
Matt Rempe               0  3  3   0  2   8  6  2  0  0  8/32   20:35   3:00   1:29 
Matthew Nieto            0  0  0  -1  0   11 2  0  0  0  0/1    24:00   2:34   3:28 
Mikael Pyyhtia           0  0  0  -1  2   4  1  4  0  0  12/36  22:18   2:34   3:28 
Oliver Kylington         0  1  1   2  0   0  1  1  0  0  0/0    14:09   0:00   0:00 
Tristan Broz             1  1  2   0  0   5  0  0  0  0  1/1    19:29   3:00   0:00 
Tyson Barrie             0  0  0   0  0   0  4  0  0  0  0/0    19:01   2:23   2:33 

Players Stats for PETERBOROUGH SLASHERS

Player Name              G  A  P  +/- PIM S  H  SB GA TA FO     MP     PP MP  PK MP  
------------------------------------------------------------------------------------
Anthony Vincent          0  0  0   0  0   1  1  0  0  0  11/18  12:28   0:00   0:00 
Billy Sweezey            0  1  1   0  2   2  0  0  0  0  0/0    20:48   3:24   2:15 
Brian Pinho              0  0  0  -1  0   3  0  0  0  0  25/36  23:27   3:19   3:35 
Dryden Hunt              1  0  1   1  0   5  1  0  0  0  0/0    19:17   2:38   1:59 
Dylan McIlrath           0  0  0  -1  4   1  4  1  0  0  0/0    12:19   0:00   0:00 
Hunter Skinner           0  0  0   0  2   2  2  1  0  0  0/0    21:46   3:24   2:15 
Jarred Tinordi           0  0  0  -1  0   0  1  2  0  0  0/0    13:19   0:00   0:00 
Jean-Luc Foudy           0  1  1   0  0   5  1  0  0  0  0/0    12:28   0:00   0:00 
Jesse Ylonen             0  0  0  -1  0   4  0  0  0  0  4/8    21:54   3:19   1:59 
Kale Clague              0  1  1   1  0   0  1  2  0  0  0/0    25:52   2:33   3:19 
Martin Frk               0  0  0  -1  0   3  7  0  0  0  2/2    23:27   3:19   3:35 
Noel Gunler              1  0  1   0  0   1  0  0  0  0  0/0    12:28   0:00   0:00 
Phil Kemp                0  0  0   1  0   2  0  2  0  0  0/0    25:52   2:33   3:19 
Sam Gagner               0  0  0   0  0   0  0  0  0  0  0/0     4:48   0:00   0:00 
Sandis Vilmanis          0  1  1   1  0   0  1  0  0  0  0/0    16:17   2:38   0:00 
Simon Robertsson         0  0  0   0  0   2  0  0  0  0  0/0     4:48   0:00   0:00 
Tristen Robins           0  0  0   1  0   2  0  0  0  0  16/26  16:17   2:38   0:00 
Tyson Empey              0  0  0   0  2   1  1  0  0  0  5/8     4:47   0:00   0:00 

3 Stars

1 - Matt Rempe (NHW)
2 - Tristan Broz (NHW)
3 - Alex Bump (NHW)

Power Play

NEW HAVEN WARTHOGS - 2 on 4 Attempt(s) - 50,00%
PETERBOROUGH SLASHERS - 0 on 3 Attempt(s) - 0,00%

Penalty Kill

NEW HAVEN WARTHOGS - 3 on 3 Attempt(s) - 100,00% - Score 0 goal in Penalty Kill
PETERBOROUGH SLASHERS - 2 on 4 Attempt(s) - 50,00% - Score 0 goal in Penalty Kill

Team Stat

NEW HAVEN WARTHOGS - Hits : 35 - Faceoff Wins : 35 - Blocked Shots : 15 - Penalty Minutes : 8
PETERBOROUGH SLASHERS - Hits : 20 - Faceoff Wins : 63 - Blocked Shots : 8 - Penalty Minutes : 10

Official

Referees : Dean Morton and Pierre Lambert
Linesman : Pierre Racicot and Greg Devorski

Game Notes

Cam Atkinson is injured at 16:17 of 3rd period (Back Spasms)

NEW HAVEN WARTHOGS

5 vs 5 Forward 
   Center                   Left Wing                Right Wing               Time % Phy DF OF 
 1 Mikael Pyyhtia           Matthew Nieto            Cam Atkinson             36     1   2  2  
 2 Matt Rempe               Tristan Broz             Julian Lutz              31     1   2  2  
 3 Dans Locmelis            Justin Ertel             Alex Bump                23     1   2  2  
 4 Mikael Pyyhtia           Matthew Nieto            Cam Atkinson             10     1   2  2  

5 vs 5 Defense 
   Defense                  Defense                                           Time % Phy DF OF 
 1 Tyson Barrie             Isaiah George                                     36     1   2  2  
 2 Lian Bichsel             Jack St. Ivany                                    31     1   2  2  
 3 Isaiah George            Charles-Alexis Legault                            23     1   2  2  
 4 Angus Booth              Oliver Kylington                                  10     1   2  2  

PowerPlay Forward 
   Center                   Left Wing                Right Wing               Time % Phy DF OF 
 1 Mikael Pyyhtia           Matthew Nieto            Cam Atkinson             55     1   2  2  
 2 Matt Rempe               Tristan Broz             Julian Lutz              45     1   2  2  

PowerPlay Defense
   Defense                  Defense                                           Time % Phy DF OF 
 1 Tyson Barrie             Isaiah George                                     55     1   2  2  
 2 Lian Bichsel             Jack St. Ivany                                    45     1   2  2  

Penalty Kill 4 Players Forward 
   Center                   Wing                     Time % Phy DF OF 
 1 Mikael Pyyhtia           Matthew Nieto            55     1   2  2  
 2 Cam Atkinson             Matt Rempe               45     1   2  2  

Penalty Kill 4 Players Defense
   Defense                  Defense                  Time % Phy DF OF 
 1 Tyson Barrie             Isaiah George            55     1   2  2  
 2 Lian Bichsel             Jack St. Ivany           45     1   2  2  

Penalty Kill - 3 Players Forward 
   Forward                                           Time % Phy DF OF 
 1 Mikael Pyyhtia                                    55     1   2  2  
 2 Matthew Nieto                                     45     1   2  2  

Penalty Kill - 3 Players Defense
   Defense                  Defense                  Time % Phy DF OF 
 1 Tyson Barrie             Isaiah George            55     1   2  2  
 2 Lian Bichsel             Jack St. Ivany           45     1   2  2  

4 vs 4 Forward 
   Center                   Wing                     Time % Phy DF OF 
 1 Mikael Pyyhtia           Matthew Nieto            55     1   2  2  
 2 Cam Atkinson             Matt Rempe               45     1   2  2  

4 vs 4 Defense
   Defense                  Defense                  Time % Phy DF OF 
 1 Tyson Barrie             Charles-Alexis Legault   55     1   2  2  
 2 Lian Bichsel             Jack St. Ivany           45     1   2  2  

Last Minutes Offensive
   Center                   Left Wing                Right Wing               Defense                  Defense                  
   Mikael Pyyhtia           Matthew Nieto            Cam Atkinson             Tyson Barrie             Lian Bichsel             

Last Minutes Defensive
   Center                   Left Wing                Right Wing               Defense                  Defense                  
   Mikael Pyyhtia           Matthew Nieto            Cam Atkinson             Tyson Barrie             Lian Bichsel             

Goaltenders
Starting : Sebastian Cossa          
Backup : Vadim Zherenko           

Extra Forwards
Normal : Justin Ertel, Dans Locmelis, Alex Bump - PP : Justin Ertel, Dans Locmelis - PK : Alex Bump
Extra Defensemen
Normal : Calle Odelius, Isaiah George, Charles-Alexis Legault - PP : Calle Odelius - PK : Isaiah George, Charles-Alexis Legault
Penalty Shots
Mikael Pyyhtia, Matthew Nieto, Cam Atkinson, Matt Rempe, Tristan Broz

Scratches
Aidan Thompson (Healthy), Cameron Berg (Healthy), Guillaume Richard (Healthy), Koehn Ziemmer (Healthy), Scott Perunovich (Healthy)
Taige Harding (Healthy), Jacob Fowler (Healthy)

PETERBOROUGH SLASHERS

5 vs 5 Forward 
   Center                   Left Wing                Right Wing               Time % Phy DF OF 
 1 Brian Pinho              Martin Frk               Jesse Ylonen             36     1   2  2  
 2 Tristen Robins           Dryden Hunt              Sandis Vilmanis          31     1   2  2  
 3 Anthony Vincent          Noel Gunler              Jean-Luc Foudy           23     1   2  2  
 4 Tyson Empey              Simon Robertsson         Sam Gagner               10     1   2  2  

5 vs 5 Defense 
   Defense                  Defense                                           Time % Phy DF OF 
 1 Kale Clague              Phil Kemp                                         36     1   2  2  
 2 Billy Sweezey            Hunter Skinner                                    31     1   2  2  
 3 Jarred Tinordi           Dylan McIlrath                                    23     1   2  2  
 4 Kale Clague              Phil Kemp                                         10     1   2  2  

PowerPlay Forward 
   Center                   Left Wing                Right Wing               Time % Phy DF OF 
 1 Brian Pinho              Martin Frk               Jesse Ylonen             55     1   2  2  
 2 Tristen Robins           Dryden Hunt              Sandis Vilmanis          45     1   2  2  

PowerPlay Defense
   Defense                  Defense                                           Time % Phy DF OF 
 1 Kale Clague              Phil Kemp                                         55     1   2  2  
 2 Billy Sweezey            Hunter Skinner                                    45     1   2  2  

Penalty Kill 4 Players Forward 
   Center                   Wing                     Time % Phy DF OF 
 1 Brian Pinho              Martin Frk               55     1   2  2  
 2 Jesse Ylonen             Dryden Hunt              45     1   2  2  

Penalty Kill 4 Players Defense
   Defense                  Defense                  Time % Phy DF OF 
 1 Kale Clague              Phil Kemp                55     1   2  2  
 2 Billy Sweezey            Hunter Skinner           45     1   2  2  

Penalty Kill - 3 Players Forward 
   Forward                                           Time % Phy DF OF 
 1 Brian Pinho                                       55     1   2  2  
 2 Martin Frk                                        45     1   2  2  

Penalty Kill - 3 Players Defense
   Defense                  Defense                  Time % Phy DF OF 
 1 Kale Clague              Phil Kemp                55     1   2  2  
 2 Billy Sweezey            Hunter Skinner           45     1   2  2  

4 vs 4 Forward 
   Center                   Wing                     Time % Phy DF OF 
 1 Brian Pinho              Martin Frk               55     1   2  2  
 2 Jesse Ylonen             Dryden Hunt              45     1   2  2  

4 vs 4 Defense
   Defense                  Defense                  Time % Phy DF OF 
 1 Kale Clague              Phil Kemp                55     1   2  2  
 2 Billy Sweezey            Hunter Skinner           45     1   2  2  

Last Minutes Offensive
   Center                   Left Wing                Right Wing               Defense                  Defense                  
   Brian Pinho              Martin Frk               Jesse Ylonen             Kale Clague              Phil Kemp                

Last Minutes Defensive
   Center                   Left Wing                Right Wing               Defense                  Defense                  
   Brian Pinho              Martin Frk               Jesse Ylonen             Kale Clague              Phil Kemp                

Goaltenders
Starting : Devon Levi               
Backup : Mads Sogaard             

Extra Forwards
Normal : Noel Gunler, Anthony Vincent, Jean-Luc Foudy - PP : Noel Gunler, Anthony Vincent - PK : Jean-Luc Foudy
Extra Defensemen
Normal : Jarred Tinordi, Dylan McIlrath, Billy Sweezey - PP : Jarred Tinordi - PK : Dylan McIlrath, Billy Sweezey
Penalty Shots
Brian Pinho, Martin Frk, Jesse Ylonen, Dryden Hunt, Sandis Vilmanis

Scratches
Adam McCormick (Healthy), Alex Beaucage (Healthy), Blake McLaughlin (Healthy), Gleb Trikozov (Healthy), Joni Jurmo (Healthy)
Justin Lee (Healthy), Hunter Miska (Healthy), Ruslan Khazheyev (Healthy), Jack LaFontaine (Healthy)

% Time on Ice - NEW HAVEN WARTHOGS

Lines # - Real PCT - Wanted PCT - Time Play
Normal Forward
1 - 34% - 36% - 15:55
2 - 35% - 31% - 16:29
3 - 30% - 23% - 13:44
4 - 1% - 10% - 0:22
Normal Defense
1 - 28% - 36% - 13:15
2 - 28% - 31% - 13:09
3 - 13% - 23% - 5:57
4 - 30% - 10% - 14:09
PP Forward
1 - 46% - 55% - 2:34
2 - 54% - 45% - 3:00
PP Defense
1 - 43% - 55% - 2:23
2 - 57% - 45% - 3:11
PK Forward
1 - 58% - 55% - 3:28
2 - 42% - 45% - 2:29
PK Defense
1 - 43% - 55% - 2:33
2 - 57% - 45% - 3:24
PK3 Forward
1 - 0% - 55%
2 - 0% - 45%
PK3 Defense
1 - 0% - 55%
2 - 0% - 45%
44 Forward
1 - 85% - 55% - 1:41
2 - 15% - 45% - 0:18
44 Defense
1 - 42% - 55% - 0:50
2 - 58% - 45% - 1:09
Last Minute Offensive  - 0:00
Last Minute Defensive  - 0:00
Total
Forward - 60:00
Defense - 60:00

% Time on Ice - PETERBOROUGH SLASHERS

Lines # - Real PCT - Wanted PCT - Time Play
Normal Forward
1 - 34% - 36% - 15:35
2 - 29% - 31% - 13:39
3 - 27% - 23% - 12:28
4 - 10% - 10% - 4:48
Normal Defense
1 - 35% - 36% - 16:18
2 - 33% - 31% - 15:10
3 - 27% - 23% - 12:21
4 - 6% - 10% - 2:41
PP Forward
1 - 56% - 55% - 3:19
2 - 44% - 45% - 2:38
PP Defense
1 - 43% - 55% - 2:33
2 - 57% - 45% - 3:24
PK Forward
1 - 64% - 55% - 3:35
2 - 36% - 45% - 1:59
PK Defense
1 - 60% - 55% - 3:19
2 - 40% - 45% - 2:15
PK3 Forward
1 - 0% - 55%
2 - 0% - 45%
PK3 Defense
1 - 0% - 55%
2 - 0% - 45%
44 Forward
1 - 49% - 55% - 0:58
2 - 51% - 45% - 1:01
44 Defense
1 - 51% - 55% - 1:01
2 - 49% - 45% - 0:58
Last Minute Offensive  - 0:00
Last Minute Defensive  - 0:00
Total
Forward - 60:00
Defense - 60:00

Play-by-Play

1st period


0:01 of 1st period - Cam Atkinson wins face-off versus Brian Pinho in neutral zone.
0:51 of 1st period - Off-side.
0:52 of 1st period - Anthony Vincent wins face-off versus Matt Rempe in neutral zone.
1:19 of 1st period - Icing by Lian Bichsel.
1:20 of 1st period - Matt Rempe wins face-off versus Tristen Robins in NEW HAVEN WARTHOGS zone.
1:45 of 1st period - Icing by Billy Sweezey.
1:46 of 1st period - Alex Bump wins face-off versus Tristen Robins in PETERBOROUGH SLASHERS zone.
1:53 of 1st period - Shot by Alex Bump.
1:53 of 1st period - Shot Blocked by Hunter Skinner.
2:19 of 1st period - Shot by Alex Bump.
2:19 of 1st period - Shot Misses the Net.
2:39 of 1st period - Shot by Matthew Nieto.
2:39 of 1st period - Shot Misses the Net.
2:43 of 1st period - Shot by Mikael Pyyhtia.
2:43 of 1st period - Stopped by Devon Levi with a rebound.
2:45 of 1st period - Shot by Matthew Nieto.
2:45 of 1st period - Stopped by Devon Levi without a rebound.
2:46 of 1st period - Brian Pinho wins face-off versus Matt Rempe in PETERBOROUGH SLASHERS zone.
2:46 of 1st period - Brian Pinho is hit by Matt Rempe.
2:54 of 1st period - Shot by Brian Pinho.
2:54 of 1st period - Shot Misses the Net.
3:37 of 1st period - Icing by Phil Kemp.
3:38 of 1st period - Anthony Vincent wins face-off versus Mikael Pyyhtia in PETERBOROUGH SLASHERS zone.
3:57 of 1st period - Shot by Noel Gunler.
3:57 of 1st period - Goal by Noel Gunler - NEW HAVEN WARTHOGS : 0 - PETERBOROUGH SLASHERS : 1.
3:58 of 1st period - Dans Locmelis wins face-off versus Tyson Empey in neutral zone.
4:04 of 1st period - Icing by Billy Sweezey.
4:05 of 1st period - Tyson Empey wins face-off versus Dans Locmelis in PETERBOROUGH SLASHERS zone.
4:05 of 1st period - Tyson Empey is hit by Alex Bump.
4:17 of 1st period - Shot by Sam Gagner.
4:17 of 1st period - Shot Misses the Net.
4:19 of 1st period - Shot by Hunter Skinner.
4:19 of 1st period - Shot Misses the Net.
4:21 of 1st period - Shot by Hunter Skinner.
4:21 of 1st period - Stopped by Sebastian Cossa without a rebound.
4:22 of 1st period - Mikael Pyyhtia wins face-off versus Anthony Vincent in NEW HAVEN WARTHOGS zone.
4:22 of 1st period - Mikael Pyyhtia is hit by Jean-Luc Foudy.
4:31 of 1st period - Shot by Cam Atkinson.
4:31 of 1st period - Shot Blocked by Phil Kemp.
4:41 of 1st period - Shot by Cam Atkinson.
4:41 of 1st period - Shot Blocked by Kale Clague.
4:43 of 1st period - Shot by Matthew Nieto.
4:43 of 1st period - Shot Misses the Net.
4:45 of 1st period - Shot by Cam Atkinson.
4:45 of 1st period - Stopped by Devon Levi without a rebound.
4:46 of 1st period - Dans Locmelis wins face-off versus Brian Pinho in PETERBOROUGH SLASHERS zone.
5:14 of 1st period - Shot by Jesse Ylonen.
5:14 of 1st period - Shot Misses the Net.
5:23 of 1st period - Icing by Jarred Tinordi.
5:24 of 1st period - Brian Pinho wins face-off versus Mikael Pyyhtia in PETERBOROUGH SLASHERS zone.
5:56 of 1st period - Tristen Robins is hit by Jack St. Ivany and loses puck.
6:34 of 1st period - Off-side.
6:35 of 1st period - Tyson Empey wins face-off versus Dans Locmelis in neutral zone.
6:40 of 1st period - Isaiah George is hit by Tyson Empey and loses puck.
6:51 of 1st period - Hunter Skinner is hit by Dans Locmelis and loses puck.
7:08 of 1st period - Shot by Tyson Empey.
7:08 of 1st period - Stopped by Sebastian Cossa without a rebound.
7:09 of 1st period - Brian Pinho wins face-off versus Matt Rempe in NEW HAVEN WARTHOGS zone.
7:14 of 1st period - Shot by Martin Frk.
7:14 of 1st period - Stopped by Sebastian Cossa without a rebound.
7:15 of 1st period - Anthony Vincent wins face-off versus Matt Rempe in NEW HAVEN WARTHOGS zone.
7:19 of 1st period - Noel Gunler is hit by Lian Bichsel and loses puck.
7:23 of 1st period - Minor Penalty to Matt Rempe for Holding.
7:24 of 1st period - Brian Pinho wins face-off versus Mikael Pyyhtia in NEW HAVEN WARTHOGS zone.
7:25 of 1st period - Shot by Martin Frk.
7:25 of 1st period - Shot Misses the Net.
7:27 of 1st period - Shot by Phil Kemp.
7:27 of 1st period - Shot Blocked by Isaiah George.
7:29 of 1st period - Shot by Jesse Ylonen.
7:29 of 1st period - Stopped by Sebastian Cossa without a rebound.
7:30 of 1st period - Brian Pinho wins face-off versus Mikael Pyyhtia in NEW HAVEN WARTHOGS zone.
7:46 of 1st period - Martin Frk is hit by Tyson Barrie and loses puck.
8:27 of 1st period - Icing by Hunter Skinner.
8:28 of 1st period - Mikael Pyyhtia wins face-off versus Tristen Robins in PETERBOROUGH SLASHERS zone.
8:59 of 1st period - Icing by Billy Sweezey.
9:00 of 1st period - Cam Atkinson wins face-off versus Tristen Robins in PETERBOROUGH SLASHERS zone.
9:43 of 1st period - Shot by Jean-Luc Foudy.
9:43 of 1st period - Shot Blocked by Matt Rempe.
9:56 of 1st period - Minor Penalty to Dylan McIlrath for Goalie Interference.
9:57 of 1st period - Brian Pinho wins face-off versus Mikael Pyyhtia in PETERBOROUGH SLASHERS zone.
10:46 of 1st period - Shot by Jesse Ylonen.
10:46 of 1st period - Stopped by Sebastian Cossa without a rebound.
10:47 of 1st period - Jesse Ylonen wins face-off versus Matt Rempe in NEW HAVEN WARTHOGS zone.
10:52 of 1st period - Shot by Dryden Hunt.
10:52 of 1st period - Stopped by Sebastian Cossa without a rebound.
10:53 of 1st period - Matt Rempe wins face-off versus Brian Pinho in NEW HAVEN WARTHOGS zone.
12:08 of 1st period - Shot by Alex Bump.
12:08 of 1st period - Goal by Alex Bump - NEW HAVEN WARTHOGS : 1 - PETERBOROUGH SLASHERS : 1.
12:09 of 1st period - Dans Locmelis wins face-off versus Tyson Empey in neutral zone.
12:12 of 1st period - Shot by Isaiah George.
12:12 of 1st period - Stopped by Devon Levi with a rebound.
12:36 of 1st period - Minor Penalty to Tyson Empey for Holding.
12:37 of 1st period - Matt Rempe wins face-off versus Brian Pinho in PETERBOROUGH SLASHERS zone.
12:44 of 1st period - Shot by Tristan Broz.
12:44 of 1st period - Deflect By Matt Rempe.
12:44 of 1st period - Stopped by Devon Levi without a rebound.
12:45 of 1st period - Brian Pinho wins face-off versus Mikael Pyyhtia in PETERBOROUGH SLASHERS zone.
12:56 of 1st period - Kale Clague is hit by Matthew Nieto and loses puck.
13:07 of 1st period - Shot by Cam Atkinson.
13:07 of 1st period - Stopped by Devon Levi without a rebound.
13:08 of 1st period - Jesse Ylonen wins face-off versus Matt Rempe in PETERBOROUGH SLASHERS zone.
13:08 of 1st period - Jesse Ylonen is hit by Matt Rempe.
13:42 of 1st period - Shot by Tristan Broz.
13:42 of 1st period - Shot Misses the Net.
14:21 of 1st period - Off-side.
14:22 of 1st period - Brian Pinho wins face-off versus Matt Rempe in neutral zone.
14:40 of 1st period - Icing by Dylan McIlrath.
14:41 of 1st period - Dans Locmelis wins face-off versus Anthony Vincent in PETERBOROUGH SLASHERS zone.
14:41 of 1st period - Dans Locmelis is hit by Dylan McIlrath.
14:42 of 1st period - Minor Penalty to Dylan McIlrath for Holding Stick.
14:43 of 1st period - Mikael Pyyhtia wins face-off versus Brian Pinho in PETERBOROUGH SLASHERS zone.
14:48 of 1st period - Shot by Mikael Pyyhtia.
14:48 of 1st period - Deflect By Cam Atkinson.
14:48 of 1st period - Stopped by Devon Levi without a rebound.
14:49 of 1st period - Martin Frk wins face-off versus Julian Lutz in PETERBOROUGH SLASHERS zone.
14:49 of 1st period - Brian Pinho is hit by Matt Rempe and loses puck.
15:03 of 1st period - Icing by Jack St. Ivany.
15:04 of 1st period - Brian Pinho wins face-off versus Julian Lutz in NEW HAVEN WARTHOGS zone.
15:05 of 1st period - Shot by Martin Frk.
15:05 of 1st period - Stopped by Sebastian Cossa without a rebound.
15:06 of 1st period - Brian Pinho wins face-off versus Mikael Pyyhtia in NEW HAVEN WARTHOGS zone.
15:14 of 1st period - Off-side.
15:15 of 1st period - Brian Pinho wins face-off versus Mikael Pyyhtia in neutral zone.
15:24 of 1st period - Shot by Cam Atkinson.
15:24 of 1st period - Deflect By Mikael Pyyhtia.
15:24 of 1st period - Stopped by Devon Levi with a rebound.
15:26 of 1st period - Shot by Matthew Nieto.
15:26 of 1st period - Shot Misses the Net.
15:28 of 1st period - Shot by Mikael Pyyhtia.
15:28 of 1st period - Stopped by Devon Levi without a rebound.
15:29 of 1st period - Brian Pinho wins face-off versus Matt Rempe in PETERBOROUGH SLASHERS zone.
15:44 of 1st period - Shot by Matt Rempe.
15:44 of 1st period - Stopped by Devon Levi with a rebound.
15:46 of 1st period - Shot by Lian Bichsel.
15:46 of 1st period - Goal by Lian Bichsel - NEW HAVEN WARTHOGS : 2 - PETERBOROUGH SLASHERS : 1.
15:47 of 1st period - Mikael Pyyhtia wins face-off versus Anthony Vincent in neutral zone.
16:06 of 1st period - Shot by Jean-Luc Foudy.
16:06 of 1st period - Shot Blocked by Mikael Pyyhtia.
16:08 of 1st period - Shot by Phil Kemp.
16:08 of 1st period - Stopped by Sebastian Cossa without a rebound.
16:09 of 1st period - Brian Pinho wins face-off versus Matt Rempe in NEW HAVEN WARTHOGS zone.
16:22 of 1st period - Shot by Martin Frk.
16:22 of 1st period - Shot Blocked by Jack St. Ivany.
16:38 of 1st period - Shot by Matt Rempe.
16:38 of 1st period - Stopped by Devon Levi without a rebound.
16:39 of 1st period - Tristen Robins wins face-off versus Mikael Pyyhtia in PETERBOROUGH SLASHERS zone.
16:50 of 1st period - Shot by Mikael Pyyhtia.
16:50 of 1st period - Shot Misses the Net.
17:04 of 1st period - Shot by Matthew Nieto.
17:04 of 1st period - Stopped by Devon Levi with a rebound.
17:12 of 1st period - Shot by Matthew Nieto.
17:12 of 1st period - Stopped by Devon Levi with a rebound.
17:14 of 1st period - Shot by Matthew Nieto.
17:14 of 1st period - Stopped by Devon Levi without a rebound.
17:15 of 1st period - Dans Locmelis wins face-off versus Brian Pinho in PETERBOROUGH SLASHERS zone.
17:39 of 1st period - Shot by Jesse Ylonen.
17:39 of 1st period - Shot Misses the Net.
18:33 of 1st period - Shot by Matt Rempe.
18:33 of 1st period - Shot Blocked by Jarred Tinordi.
18:47 of 1st period - Shot by Tristan Broz.
18:47 of 1st period - Deflect By Matt Rempe.
18:47 of 1st period - Stopped by Devon Levi without a rebound.
18:48 of 1st period - Tristen Robins wins face-off versus Mikael Pyyhtia in PETERBOROUGH SLASHERS zone.
19:24 of 1st period - Shot by Matthew Nieto.
19:24 of 1st period - Shot Misses the Net.
19:31 of 1st period - Icing by Phil Kemp.
19:32 of 1st period - Tristen Robins wins face-off versus Matt Rempe in PETERBOROUGH SLASHERS zone.
Goals for this period are 2 for NEW HAVEN WARTHOGS vs 1 for PETERBOROUGH SLASHERS.
Shots for this period are 17 for NEW HAVEN WARTHOGS vs 9 for PETERBOROUGH SLASHERS.

2nd period


0:01 of 2nd period - Jesse Ylonen wins face-off versus Mikael Pyyhtia in neutral zone.
0:23 of 2nd period - Jesse Ylonen is hit by Tyson Barrie and loses puck.
0:57 of 2nd period - Icing by Jack St. Ivany.
0:58 of 2nd period - Tristen Robins wins face-off versus Matt Rempe in NEW HAVEN WARTHOGS zone.
1:07 of 2nd period - Shot by Sandis Vilmanis.
1:07 of 2nd period - Deflect By Dryden Hunt.
1:07 of 2nd period - Shot Misses the Net.
1:09 of 2nd period - Shot by Billy Sweezey.
1:09 of 2nd period - Stopped by Sebastian Cossa without a rebound.
1:10 of 2nd period - Anthony Vincent wins face-off versus Dans Locmelis in NEW HAVEN WARTHOGS zone.
1:10 of 2nd period - Jean-Luc Foudy is hit by Angus Booth and loses puck.
1:17 of 2nd period - Shot by Noel Gunler.
1:17 of 2nd period - Shot Misses the Net.
1:23 of 2nd period - Shot by Anthony Vincent.
1:23 of 2nd period - Shot Blocked by Oliver Kylington.
1:32 of 2nd period - Justin Ertel is hit by Dylan McIlrath and loses puck.
1:37 of 2nd period - Shot by Justin Ertel.
1:37 of 2nd period - Stopped by Devon Levi without a rebound.
1:38 of 2nd period - Matt Rempe wins face-off versus Tristen Robins in PETERBOROUGH SLASHERS zone.
1:49 of 2nd period - Shot by Tristan Broz.
1:49 of 2nd period - Stopped by Devon Levi without a rebound.
1:50 of 2nd period - Mikael Pyyhtia wins face-off versus Jesse Ylonen in PETERBOROUGH SLASHERS zone.
1:51 of 2nd period - Shot by Matthew Nieto.
1:51 of 2nd period - Stopped by Devon Levi with a rebound.
2:10 of 2nd period - Shot by Jesse Ylonen.
2:10 of 2nd period - Shot Misses the Net.
2:12 of 2nd period - Shot by Kale Clague.
2:12 of 2nd period - Shot Misses the Net.
2:14 of 2nd period - Shot by Kale Clague.
2:14 of 2nd period - Shot Blocked by Jack St. Ivany.
2:16 of 2nd period - Shot by Jesse Ylonen.
2:16 of 2nd period - Stopped by Sebastian Cossa without a rebound.
2:17 of 2nd period - Tristen Robins wins face-off versus Matt Rempe in NEW HAVEN WARTHOGS zone.
2:17 of 2nd period - Tristen Robins is hit by Isaiah George.
2:41 of 2nd period - Sandis Vilmanis is hit by Tyson Barrie and loses puck.
2:44 of 2nd period - Shot by Dryden Hunt.
2:44 of 2nd period - Stopped by Sebastian Cossa with a rebound.
2:49 of 2nd period - Tristen Robins is hit by Tyson Barrie and loses puck.
3:25 of 2nd period - Martin Frk is hit by Matthew Nieto and loses puck.
3:30 of 2nd period - Shot by Matthew Nieto.
3:30 of 2nd period - Shot Misses the Net.
3:32 of 2nd period - Shot by Jack St. Ivany.
3:32 of 2nd period - Stopped by Devon Levi with a rebound.
3:34 of 2nd period - Shot by Matthew Nieto.
3:34 of 2nd period - Stopped by Devon Levi without a rebound.
3:35 of 2nd period - Dans Locmelis wins face-off versus Anthony Vincent in PETERBOROUGH SLASHERS zone.
3:38 of 2nd period - Shot by Alex Bump.
3:38 of 2nd period - Shot Misses the Net.
4:04 of 2nd period - Shot by Alex Bump.
4:04 of 2nd period - Deflect By Dans Locmelis.
4:04 of 2nd period - Shot Misses the Net.
4:28 of 2nd period - Shot by Cam Atkinson.
4:28 of 2nd period - Stopped by Devon Levi with a rebound.
4:30 of 2nd period - Shot by Jack St. Ivany.
4:30 of 2nd period - Stopped by Devon Levi without a rebound.
4:31 of 2nd period - Brian Pinho wins face-off versus Matt Rempe in PETERBOROUGH SLASHERS zone.
4:39 of 2nd period - Martin Frk is hit by Charles-Alexis Legault and loses puck.
4:43 of 2nd period - Icing by Isaiah George.
4:44 of 2nd period - Matt Rempe wins face-off versus Tristen Robins in NEW HAVEN WARTHOGS zone.
6:23 of 2nd period - Off-side.
6:24 of 2nd period - Anthony Vincent wins face-off versus Matt Rempe in neutral zone.
6:36 of 2nd period - Shot by Jean-Luc Foudy.
6:36 of 2nd period - Stopped by Sebastian Cossa without a rebound.
6:37 of 2nd period - Tyson Empey wins face-off versus Mikael Pyyhtia in NEW HAVEN WARTHOGS zone.
6:44 of 2nd period - Shot by Sam Gagner.
6:44 of 2nd period - Deflect By Simon Robertsson.
6:44 of 2nd period - Shot Misses the Net.
7:39 of 2nd period - Shot by Alex Bump.
7:39 of 2nd period - Stopped by Devon Levi with a rebound.
7:47 of 2nd period - Shot by Brian Pinho.
7:47 of 2nd period - Shot Misses the Net.
8:02 of 2nd period - Brian Pinho is hit by Oliver Kylington and loses puck.
8:27 of 2nd period - Phil Kemp is hit by Matt Rempe and loses puck.
8:35 of 2nd period - Icing by Phil Kemp.
8:36 of 2nd period - Brian Pinho wins face-off versus Mikael Pyyhtia in PETERBOROUGH SLASHERS zone.
9:22 of 2nd period - Icing by Lian Bichsel.
9:23 of 2nd period - Tristen Robins wins face-off versus Matt Rempe in NEW HAVEN WARTHOGS zone.
9:34 of 2nd period - Shot by Dryden Hunt.
9:34 of 2nd period - Deflect By Tristen Robins.
9:34 of 2nd period - Stopped by Sebastian Cossa without a rebound.
9:35 of 2nd period - Anthony Vincent wins face-off versus Dans Locmelis in NEW HAVEN WARTHOGS zone.
10:00 of 2nd period - Shot by Anthony Vincent.
10:00 of 2nd period - Stopped by Sebastian Cossa with a rebound.
10:03 of 2nd period - Icing by Oliver Kylington.
10:04 of 2nd period - Tristen Robins wins face-off versus Justin Ertel in NEW HAVEN WARTHOGS zone.
10:31 of 2nd period - Shot by Matthew Nieto.
10:31 of 2nd period - Shot Misses the Net.
10:33 of 2nd period - Shot by Tyson Barrie.
10:33 of 2nd period - Shot Misses the Net.
10:35 of 2nd period - Shot by Matthew Nieto.
10:35 of 2nd period - Stopped by Devon Levi with a rebound.
10:37 of 2nd period - Shot by Isaiah George.
10:37 of 2nd period - Stopped by Devon Levi without a rebound.
10:38 of 2nd period - Anthony Vincent wins face-off versus Matt Rempe in PETERBOROUGH SLASHERS zone.
10:38 of 2nd period - Jean-Luc Foudy is hit by Matt Rempe and loses puck.
10:50 of 2nd period - Jean-Luc Foudy is hit by Lian Bichsel and loses puck.
11:01 of 2nd period - Shot by Anthony Vincent.
11:01 of 2nd period - Shot Misses the Net.
11:03 of 2nd period - Shot by Dylan McIlrath.
11:03 of 2nd period - Shot Misses the Net.
11:05 of 2nd period - Shot by Dylan McIlrath.
11:05 of 2nd period - Stopped by Sebastian Cossa with a rebound.
11:06 of 2nd period - Minor Penalty to Lian Bichsel for High sticking.
11:07 of 2nd period - Tristen Robins wins face-off versus Mikael Pyyhtia in NEW HAVEN WARTHOGS zone.
11:28 of 2nd period - Shot by Matthew Nieto.
11:28 of 2nd period - Shot Misses the Net.
12:18 of 2nd period - Shot by Matt Rempe.
12:18 of 2nd period - Stopped by Devon Levi without a rebound.
12:19 of 2nd period - Brian Pinho wins face-off versus Mikael Pyyhtia in PETERBOROUGH SLASHERS zone.
12:38 of 2nd period - Shot by Jesse Ylonen.
12:38 of 2nd period - Shot Blocked by Angus Booth.
13:02 of 2nd period - Shot by Tristen Robins.
13:02 of 2nd period - Shot Misses the Net.
13:04 of 2nd period - Shot by Phil Kemp.
13:04 of 2nd period - Shot Misses the Net.
13:06 of 2nd period - Shot by Kale Clague.
13:06 of 2nd period - Shot Misses the Net.
13:20 of 2nd period - Shot by Alex Bump.
13:20 of 2nd period - Shot Misses the Net.
13:26 of 2nd period - Justin Ertel is hit by Anthony Vincent and loses puck.
13:31 of 2nd period - Shot by Jean-Luc Foudy.
13:31 of 2nd period - Stopped by Sebastian Cossa without a rebound.
13:32 of 2nd period - Dans Locmelis wins face-off versus Tyson Empey in NEW HAVEN WARTHOGS zone.
14:23 of 2nd period - Shot by Matthew Nieto.
14:23 of 2nd period - Stopped by Devon Levi without a rebound.
14:24 of 2nd period - Cam Atkinson wins face-off versus Tristen Robins in PETERBOROUGH SLASHERS zone.
14:24 of 2nd period - Cam Atkinson is hit by Hunter Skinner.
14:27 of 2nd period - Minor Penalty to Billy Sweezey for Hooking.
14:27 of 2nd period - Minor Penalty to Mikael Pyyhtia for Hooking.
14:28 of 2nd period - Justin Ertel wins face-off versus Brian Pinho in PETERBOROUGH SLASHERS zone.
14:35 of 2nd period - Shot by Matthew Nieto.
14:35 of 2nd period - Stopped by Devon Levi without a rebound.
14:36 of 2nd period - Brian Pinho wins face-off versus Justin Ertel in PETERBOROUGH SLASHERS zone.
15:05 of 2nd period - Shot by Brian Pinho.
15:05 of 2nd period - Shot Misses the Net.
15:10 of 2nd period - Matthew Nieto is hit by Martin Frk and loses puck.
15:35 of 2nd period - Shot by Jesse Ylonen.
15:35 of 2nd period - Stopped by Sebastian Cossa without a rebound.
15:36 of 2nd period - Dans Locmelis wins face-off versus Jesse Ylonen in NEW HAVEN WARTHOGS zone.
15:41 of 2nd period - Jesse Ylonen is hit by Lian Bichsel and loses puck.
16:15 of 2nd period - Shot by Dryden Hunt.
16:15 of 2nd period - Shot Misses the Net.
16:39 of 2nd period - Shot by Jean-Luc Foudy.
16:39 of 2nd period - Stopped by Sebastian Cossa without a rebound.
16:40 of 2nd period - Tyson Empey wins face-off versus Matt Rempe in NEW HAVEN WARTHOGS zone.
16:41 of 2nd period - Shot by Simon Robertsson.
16:41 of 2nd period - Shot Misses the Net.
16:53 of 2nd period - Shot by Tristan Broz.
16:53 of 2nd period - Shot Misses the Net.
16:55 of 2nd period - Shot by Isaiah George.
16:55 of 2nd period - Shot Misses the Net.
16:57 of 2nd period - Shot by Isaiah George.
16:57 of 2nd period - Shot Misses the Net.
16:59 of 2nd period - Shot by Isaiah George.
16:59 of 2nd period - Shot Blocked by Jarred Tinordi.
17:01 of 2nd period - Shot by Matt Rempe.
17:01 of 2nd period - Shot Misses the Net.
17:03 of 2nd period - Shot by Matt Rempe.
17:03 of 2nd period - Deflect By Tristan Broz.
17:03 of 2nd period - Stopped by Devon Levi without a rebound.
17:04 of 2nd period - Anthony Vincent wins face-off versus Julian Lutz in PETERBOROUGH SLASHERS zone.
17:23 of 2nd period - Shot by Anthony Vincent.
17:23 of 2nd period - Shot Blocked by Angus Booth.
17:35 of 2nd period - Shot by Jean-Luc Foudy.
17:35 of 2nd period - Stopped by Sebastian Cossa with a rebound.
18:04 of 2nd period - Off-side.
18:05 of 2nd period - Mikael Pyyhtia wins face-off versus Tristen Robins in neutral zone.
18:09 of 2nd period - Matthew Nieto is hit by Jarred Tinordi and loses puck.
18:38 of 2nd period - Shot by Cam Atkinson.
18:38 of 2nd period - Shot Blocked by Dylan McIlrath.
18:54 of 2nd period - Shot by Martin Frk.
18:54 of 2nd period - Shot Misses the Net.
18:56 of 2nd period - Shot by Phil Kemp.
18:56 of 2nd period - Stopped by Sebastian Cossa without a rebound.
18:57 of 2nd period - Brian Pinho wins face-off versus Matt Rempe in NEW HAVEN WARTHOGS zone.
18:57 of 2nd period - Jesse Ylonen is hit by Lian Bichsel and loses puck.
19:08 of 2nd period - Shot by Matt Rempe.
19:08 of 2nd period - Shot Blocked by Kale Clague.
19:10 of 2nd period - Shot by Jack St. Ivany.
19:10 of 2nd period - Shot Misses the Net.
19:12 of 2nd period - Shot by Matt Rempe.
19:12 of 2nd period - Shot Blocked by Phil Kemp.
19:14 of 2nd period - Shot by Tristan Broz.
19:14 of 2nd period - Stopped by Devon Levi without a rebound.
19:15 of 2nd period - Anthony Vincent wins face-off versus Dans Locmelis in PETERBOROUGH SLASHERS zone.
19:28 of 2nd period - Shot by Dans Locmelis.
19:28 of 2nd period - Stopped by Devon Levi with a rebound.
19:30 of 2nd period - Shot by Lian Bichsel.
19:30 of 2nd period - Stopped by Devon Levi without a rebound.
19:31 of 2nd period - Brian Pinho wins face-off versus Matt Rempe in PETERBOROUGH SLASHERS zone.
19:31 of 2nd period - Brian Pinho is hit by Matt Rempe.
19:47 of 2nd period - Shot by Martin Frk.
19:47 of 2nd period - Deflect By Brian Pinho.
19:47 of 2nd period - Shot Blocked by Matt Rempe.
19:49 of 2nd period - Shot by Phil Kemp.
19:49 of 2nd period - Shot Misses the Net.
19:59 of 2nd period - Shot by Tristan Broz.
19:59 of 2nd period - Stopped by Devon Levi with a rebound.
Goals for this period are 0 for NEW HAVEN WARTHOGS vs 0 for PETERBOROUGH SLASHERS.
Shots for this period are 18 for NEW HAVEN WARTHOGS vs 12 for PETERBOROUGH SLASHERS.

3rd period


0:01 of 3rd period - Tristen Robins wins face-off versus Mikael Pyyhtia in neutral zone.
0:07 of 3rd period - Dryden Hunt is hit by Isaiah George and loses puck.
0:18 of 3rd period - Phil Kemp is hit by Mikael Pyyhtia and loses puck.
1:40 of 3rd period - Angus Booth is hit by Martin Frk and loses puck.
2:27 of 3rd period - Icing by Isaiah George.
2:28 of 3rd period - Mikael Pyyhtia wins face-off versus Anthony Vincent in NEW HAVEN WARTHOGS zone.
2:40 of 3rd period - Mikael Pyyhtia is hit by Dylan McIlrath and loses puck.
2:45 of 3rd period - Shot by Mikael Pyyhtia.
2:45 of 3rd period - Stopped by Devon Levi without a rebound.
2:46 of 3rd period - Tyson Empey wins face-off versus Matt Rempe in PETERBOROUGH SLASHERS zone.
3:17 of 3rd period - Shot by Simon Robertsson.
3:17 of 3rd period - Stopped by Sebastian Cossa with a rebound.
3:46 of 3rd period - Minor Penalty to Lian Bichsel for Hooking.
3:47 of 3rd period - Brian Pinho wins face-off versus Mikael Pyyhtia in NEW HAVEN WARTHOGS zone.
3:52 of 3rd period - Shot by Brian Pinho.
3:52 of 3rd period - Stopped by Sebastian Cossa with a rebound.
3:54 of 3rd period - Shot by Billy Sweezey.
3:54 of 3rd period - Shot Misses the Net.
3:56 of 3rd period - Shot by Billy Sweezey.
3:56 of 3rd period - Stopped by Sebastian Cossa without a rebound.
3:57 of 3rd period - Mikael Pyyhtia wins face-off versus Brian Pinho in NEW HAVEN WARTHOGS zone.
3:57 of 3rd period - Mikael Pyyhtia is hit by Martin Frk.
4:15 of 3rd period - Shot by Jesse Ylonen.
4:15 of 3rd period - Shot Blocked by Mikael Pyyhtia.
4:17 of 3rd period - Shot by Brian Pinho.
4:17 of 3rd period - Shot Blocked by Mikael Pyyhtia.
4:19 of 3rd period - Shot by Hunter Skinner.
4:19 of 3rd period - Stopped by Sebastian Cossa without a rebound.
4:20 of 3rd period - Tristen Robins wins face-off versus Mikael Pyyhtia in NEW HAVEN WARTHOGS zone.
4:49 of 3rd period - Shot by Sandis Vilmanis.
4:49 of 3rd period - Deflect By Dryden Hunt.
4:49 of 3rd period - Stopped by Sebastian Cossa without a rebound.
4:50 of 3rd period - Mikael Pyyhtia wins face-off versus Jesse Ylonen in NEW HAVEN WARTHOGS zone.
4:50 of 3rd period - Mikael Pyyhtia is hit by Martin Frk.
5:12 of 3rd period - Shot by Martin Frk.
5:12 of 3rd period - Stopped by Sebastian Cossa with a rebound.
5:14 of 3rd period - Shot by Billy Sweezey.
5:14 of 3rd period - Shot Misses the Net.
5:16 of 3rd period - Shot by Billy Sweezey.
5:16 of 3rd period - Shot Misses the Net.
6:03 of 3rd period - Justin Ertel is hit by Dylan McIlrath and loses puck.
6:48 of 3rd period - Shot by Matt Rempe.
6:48 of 3rd period - Stopped by Devon Levi with a rebound.
6:50 of 3rd period - Shot by Matt Rempe.
6:50 of 3rd period - Stopped by Devon Levi without a rebound.
6:51 of 3rd period - Tristen Robins wins face-off versus Mikael Pyyhtia in PETERBOROUGH SLASHERS zone.
7:08 of 3rd period - Icing by Kale Clague.
7:09 of 3rd period - Tristen Robins wins face-off versus Dans Locmelis in PETERBOROUGH SLASHERS zone.
7:21 of 3rd period - Oliver Kylington is hit by Dryden Hunt.
7:37 of 3rd period - Shot by Dryden Hunt.
7:37 of 3rd period - Shot Misses the Net.
7:49 of 3rd period - Icing by Angus Booth.
7:50 of 3rd period - Jesse Ylonen wins face-off versus Dans Locmelis in NEW HAVEN WARTHOGS zone.
8:01 of 3rd period - Shot by Jesse Ylonen.
8:01 of 3rd period - Deflect By Brian Pinho.
8:01 of 3rd period - Shot Misses the Net.
8:03 of 3rd period - Shot by Brian Pinho.
8:03 of 3rd period - Stopped by Sebastian Cossa without a rebound.
8:04 of 3rd period - Mikael Pyyhtia wins face-off versus Anthony Vincent in NEW HAVEN WARTHOGS zone.
8:17 of 3rd period - Shot by Mikael Pyyhtia.
8:17 of 3rd period - Shot Misses the Net.
8:22 of 3rd period - Minor Penalty to Hunter Skinner for Holding.
8:23 of 3rd period - Matt Rempe wins face-off versus Brian Pinho in PETERBOROUGH SLASHERS zone.
8:36 of 3rd period - Shot by Matt Rempe.
8:36 of 3rd period - Shot Misses the Net.
8:38 of 3rd period - Shot by Jack St. Ivany.
8:38 of 3rd period - Stopped by Devon Levi with a rebound.
8:44 of 3rd period - Shot by Jack St. Ivany.
8:44 of 3rd period - Shot Misses the Net.
8:46 of 3rd period - Shot by Matt Rempe.
8:46 of 3rd period - Deflect By Tristan Broz.
8:46 of 3rd period - Shot Misses the Net.
8:52 of 3rd period - Shot by Lian Bichsel.
8:52 of 3rd period - Stopped by Devon Levi with a rebound.
8:54 of 3rd period - Shot by Jack St. Ivany.
8:54 of 3rd period - Goal by Jack St. Ivany - NEW HAVEN WARTHOGS : 3 - PETERBOROUGH SLASHERS : 1.
8:55 of 3rd period - Tristen Robins wins face-off versus Mikael Pyyhtia in neutral zone.
9:08 of 3rd period - Mikael Pyyhtia is hit by Sandis Vilmanis and loses puck.
9:13 of 3rd period - Billy Sweezey is hit by Cam Atkinson and loses puck.
9:19 of 3rd period - Mikael Pyyhtia is hit by Hunter Skinner.
9:24 of 3rd period - Icing by Billy Sweezey.
9:25 of 3rd period - Tristen Robins wins face-off versus Matt Rempe in PETERBOROUGH SLASHERS zone.
9:33 of 3rd period - Icing by Angus Booth.
9:34 of 3rd period - Brian Pinho wins face-off versus Matt Rempe in NEW HAVEN WARTHOGS zone.
9:45 of 3rd period - Shot by Martin Frk.
9:45 of 3rd period - Shot Misses the Net.
9:56 of 3rd period - Brian Pinho is hit by Angus Booth and loses puck.
10:36 of 3rd period - Shot by Jean-Luc Foudy.
10:36 of 3rd period - Shot Blocked by Mikael Pyyhtia.
12:11 of 3rd period - Shot by Simon Robertsson.
12:11 of 3rd period - Shot Misses the Net.
12:13 of 3rd period - Shot by Simon Robertsson.
12:13 of 3rd period - Stopped by Sebastian Cossa without a rebound.
12:14 of 3rd period - Matt Rempe wins face-off versus Brian Pinho in NEW HAVEN WARTHOGS zone.
12:19 of 3rd period - Shot by Tristan Broz.
12:19 of 3rd period - Goal by Tristan Broz - NEW HAVEN WARTHOGS : 4 - PETERBOROUGH SLASHERS : 1.
12:20 of 3rd period - Martin Frk wins face-off versus Matt Rempe in neutral zone.
12:23 of 3rd period - Shot by Jesse Ylonen.
12:23 of 3rd period - Shot Blocked by Angus Booth.
12:29 of 3rd period - Shot by Brian Pinho.
12:29 of 3rd period - Shot Blocked by Angus Booth.
13:12 of 3rd period - Icing by Oliver Kylington.
13:13 of 3rd period - Tristan Broz wins face-off versus Tristen Robins in NEW HAVEN WARTHOGS zone.
13:30 of 3rd period - Shot by Sandis Vilmanis.
13:30 of 3rd period - Shot Blocked by Lian Bichsel.
13:43 of 3rd period - Shot by Justin Ertel.
13:43 of 3rd period - Stopped by Devon Levi without a rebound.
13:44 of 3rd period - Anthony Vincent wins face-off versus Mikael Pyyhtia in PETERBOROUGH SLASHERS zone.
13:44 of 3rd period - Anthony Vincent is hit by Cam Atkinson.
13:55 of 3rd period - Shot by Matthew Nieto.
13:55 of 3rd period - Stopped by Devon Levi with a rebound.
13:57 of 3rd period - Shot by Cam Atkinson.
13:57 of 3rd period - Stopped by Devon Levi without a rebound.
13:58 of 3rd period - Brian Pinho wins face-off versus Dans Locmelis in PETERBOROUGH SLASHERS zone.
13:58 of 3rd period - Brian Pinho is hit by Justin Ertel.
14:18 of 3rd period - Shot by Brian Pinho.
14:18 of 3rd period - Stopped by Sebastian Cossa without a rebound.
14:19 of 3rd period - Tristen Robins wins face-off versus Mikael Pyyhtia in NEW HAVEN WARTHOGS zone.
14:19 of 3rd period - Dryden Hunt is hit by Isaiah George and loses puck.
14:23 of 3rd period - Icing by Tyson Barrie.
14:24 of 3rd period - Mikael Pyyhtia wins face-off versus Brian Pinho in NEW HAVEN WARTHOGS zone.
14:24 of 3rd period - Mikael Pyyhtia is hit by Martin Frk.
15:06 of 3rd period - Martin Frk is hit by Lian Bichsel and loses puck.
15:23 of 3rd period - Shot by Tristen Robins.
15:23 of 3rd period - Stopped by Sebastian Cossa without a rebound.
15:24 of 3rd period - Anthony Vincent wins face-off versus Dans Locmelis in NEW HAVEN WARTHOGS zone.
15:36 of 3rd period - Shot by Noel Gunler.
15:36 of 3rd period - Shot Misses the Net.
15:46 of 3rd period - Shot by Jean-Luc Foudy.
15:46 of 3rd period - Shot Misses the Net.
16:02 of 3rd period - Shot by Jean-Luc Foudy.
16:02 of 3rd period - Stopped by Sebastian Cossa without a rebound.
16:03 of 3rd period - Matt Rempe wins face-off versus Tristen Robins in NEW HAVEN WARTHOGS zone.
16:12 of 3rd period - Shot by Dryden Hunt.
16:12 of 3rd period - Stopped by Sebastian Cossa without a rebound.
16:13 of 3rd period - Mikael Pyyhtia wins face-off versus Jesse Ylonen in NEW HAVEN WARTHOGS zone.
16:13 of 3rd period - Mikael Pyyhtia is hit by Martin Frk.
16:16 of 3rd period - Cam Atkinson is hit by Martin Frk and loses puck.
16:17 of 3rd period - Cam Atkinson from NEW HAVEN WARTHOGS is injured at 16:17 of 3rd period (Back Spasms).
16:18 of 3rd period - Brian Pinho wins face-off versus Mikael Pyyhtia in neutral zone.
16:29 of 3rd period - Shot by Mikael Pyyhtia.
16:29 of 3rd period - Shot Misses the Net.
16:31 of 3rd period - Shot by Matthew Nieto.
16:31 of 3rd period - Stopped by Devon Levi without a rebound.
16:32 of 3rd period - Tristen Robins wins face-off versus Matt Rempe in PETERBOROUGH SLASHERS zone.
16:47 of 3rd period - Shot by Dryden Hunt.
16:47 of 3rd period - Goal by Dryden Hunt - NEW HAVEN WARTHOGS : 4 - PETERBOROUGH SLASHERS : 2.
16:48 of 3rd period - Brian Pinho wins face-off versus Mikael Pyyhtia in neutral zone.
16:53 of 3rd period - Shot by Martin Frk.
16:53 of 3rd period - Shot Misses the Net.
17:07 of 3rd period - Brian Pinho is hit by Justin Ertel and loses puck.
17:56 of 3rd period - Shot by Matt Rempe.
17:56 of 3rd period - Stopped by Devon Levi without a rebound.
17:57 of 3rd period - Dans Locmelis wins face-off versus Anthony Vincent in PETERBOROUGH SLASHERS zone.
18:12 of 3rd period - Anthony Vincent is hit by Angus Booth and loses puck.
18:59 of 3rd period - Shot by Isaiah George.
18:59 of 3rd period - Shot Misses the Net.
19:01 of 3rd period - Shot by Isaiah George.
19:01 of 3rd period - Shot Misses the Net.
19:16 of 3rd period - Dryden Hunt is hit by Lian Bichsel.
19:19 of 3rd period - Sandis Vilmanis is hit by Lian Bichsel and loses puck.
19:30 of 3rd period - Shot by Lian Bichsel.
19:30 of 3rd period - Stopped by Devon Levi with a rebound.
19:32 of 3rd period - Shot by Lian Bichsel.
19:32 of 3rd period - Stopped by Devon Levi without a rebound.
19:33 of 3rd period - Brian Pinho wins face-off versus Matthew Nieto in PETERBOROUGH SLASHERS zone.
19:50 of 3rd period - Shot by Martin Frk.
19:50 of 3rd period - Shot Misses the Net.
19:59 of 3rd period - Matthew Nieto is hit by Kale Clague and loses puck.
Goals for this period are 2 for NEW HAVEN WARTHOGS vs 1 for PETERBOROUGH SLASHERS.
Shots for this period are 14 for NEW HAVEN WARTHOGS vs 13 for PETERBOROUGH SLASHERS.